 Dungeon Crawl Stone Soup version 0.28.0-45-g0d030f2227 (webtiles) character file.

Game seed: 12620793165815257563

9160 pkoi the Placeless Spriggan (level 11, -20/49 HPs)
             Began as a Spriggan Conjurer on Apr 5, 2022.
             Was a Priest of Sif Muna.
             Killed from afar by an acid dragon (23 damage)
             ... with a splash of acid
             ... on level 11 of the Dungeon.
             The game lasted 00:25:42 (15836 turns).

pkoi the Placeless Spriggan (Spriggan Conjurer)    Turns: 15836, Time: 00:25:43

Health: -20/49     AC:  7    Str:  3    XL:     11   Next: 19%
Magic:  17/25      EV: 17    Int: 30    God:    Sif Muna [***...]
Gold:   559        SH:  5    Dex: 14    Spells: 14/28 levels left

rFire   . . .      SeeInvis +   m - staff of conjuration
rCold   . . .      Faith    .   (shield currently unavailable)
rNeg    . . .      Spirit   .   a - +1 robe
rPois   .          Reflect  +   (helmet restricted)
rElec   .          Harm     .   (no cloak)
rCorr   .          Rampage  .   (gloves unavailable)
Will    +....                   (boots unavailable)
Stlth   +++.......              p - amulet of reflection
HPRegen 0.16/turn               k - +4 ring of protection
MPRegen 0.19/turn               e - +6 ring of intelligence

@: spiked, very quick
A: very small, no large weapons, unfitting armour, see invisible, speed 3
a: Renounce Religion, Channel Magic, Forget Spell


You were on level 11 of the Dungeon.
You worshipped Sif Muna.
Sif Muna was most pleased with you.
You visited 2 branches of the dungeon, and saw 12 of its levels.

You collected 559 gold pieces.

Inventory:

Hand Weapons
 i - a +1 short sword
 j - a +0 dagger
 s - a +2 dagger of protection
 w - a +1 dagger of venom
Missiles
 b - 20 poisoned darts
Armour
 a - a +1 robe (worn)
Magical Staves
 m - a staff of conjuration (weapon)
Jewellery
 e - a +6 ring of intelligence (right hand)
 k - a +4 ring of protection (left hand)
 p - an amulet of reflection (around neck)
Wands
 u - a wand of flame (13)
 x - a wand of iceblast (4)
 z - a wand of digging (4)
Scrolls
 q - 3 scrolls of teleportation
 v - a scroll of silence
 y - a scroll of blinking
 A - 2 scrolls of amnesia
Potions
 c - 6 potions of lignification {unknown}
 d - 2 potions of cancellation
 f - 2 potions of attraction
 g - 4 potions of might {unknown}
 h - a potion of resistance
 l - 2 potions of mutation {unknown}
 n - a potion of berserk rage
 o - 2 potions of heal wounds
 r - a potion of haste
 t - 2 potions of curing


   Skills:
 - Level 1.0 Fighting
 - Level 3.0 Dodging
 - Level 6.0 Stealth
 - Level 9.0 Spellcasting
 + Level 7.8 Conjurations
 + Level 9.9 Hexes
 + Level 11.6 Translocations
 + Level 4.2 Invocations


You had 14 spell levels left.
You knew the following spells:

 Your Spells              Type           Power      Damage    Failure   Level
a - Magic Dart            Conj           100%       1d8       1%          1
b - Searing Ray           Conj           100%       2d8       1%          2
c - Fulminant Prism       Conj/Hex       39%        3d18      1%          4
d - Iskenderun's Mystic   Conj/Tloc      83%        2d16      1%          4
e - Dazzling Flash        Conj/Hex       100%       N/A       1%          3

Your spell library contained the following spells:

 Spells                   Type           Power      Damage    Failure   Level
 Summon Mana Viper        Hex/Summ       43%        N/A       14%         5
 Summon Ice Beast         Ice/Summ       13%        N/A       36%         4
 Monstrous Menagerie      Summ           6%         N/A       100%        7


Dungeon Overview and Level Annotations

Branches:
Dungeon (11/15)            Temple (1/1) D:6             Orc (0/2) D:9
   Lair: D:8-11

Altars:
Ashenzari
Cheibriados
Dithmenos
Elyvilon
Fedhas
Gozag
Hepliaklqana
Kikubaaqudgha
Makhleb
Nemelex Xobeh
Okawaru
Qazlal
Ru
Sif Muna
Trog
Uskayaw
Vehumet
Wu Jian
Xom
Yredelemnul
Zin
The Shining One

Annotations:
D:6 3 runed translucent doors, Zeld's ghost, novice TrHu


Innate Abilities, Weirdness & Mutations

You are very small and have problems with some larger weapons.
You are too small for most types of armour.
You have supernaturally acute eyesight. (SInv)
You cover ground extremely quickly. (Speed+++)


Message History

A fulminant prism comes into view.
The manticore flicks its tail.
The volley of spikes misses you.
The manticore flicks its tail.
The volley of spikes hits you!!
The barbed spikes become lodged in your body.
* * * LOW HITPOINT WARNING * * *
Your fulminant prism crackles loudly.
Your fulminant prism explodes!
The blast of energy engulfs the manticore!!!
The manticore is severely wounded.
The manticore flicks its tail.
The volley of spikes hits you!
The barbed spikes become lodged in your body.
* * * LOW HITPOINT WARNING * * *
You hear a roar!
Casting: Fulminant Prism (dangerous; 1% risk of failure)
Confirm with . or Enter, or press ? or * to list all spells.
Aiming: Searing Ray (safe; 1% risk of failure)
Press: ? - help, Shift-Dir - straight line, f - manticore
Aim: a manticore (severely wounded, 90% to hit)
You feel a surge of power!
The searing ray hits the manticore.
The manticore is almost dead. (Press . to maintain the ray.)
The manticore flicks its tail.
The volley of spikes hits you!
The barbed spikes become lodged in your body.
* * * LOW HITPOINT WARNING * * *
The searing ray hits the manticore.
The manticore is almost dead.
Unknown command.
The searing ray hits the manticore!
You kill the manticore!
Sif Muna accepts your kill.
An acid dragon comes into view.
Unknown command.
You finish channelling your searing ray.
The acid dragon spits acid at you. The splash of acid hits you!!
You die...

#......#
#......#
#......#
#......#
#......#
#......#
#.^....# .
#......###....
#....<@......D
#####...##.###
#...# #...#
#...# #...#
#...# #...#


You could see an acid dragon (catching breath).

Vanquished Creatures
  A hydra (D:11)
  A two-headed ogre (D:10)
  An ugly thing (D:11)
  A manticore (D:11)
  Joseph (D:9)
  A centaur zombie (D:10)
  A kobold demonologist (D:11)
  2 unseen horrors
  A troll (D:11)
  A meliai zombie (D:10)
  A vampire (D:9)
  A wraith (D:9)
  A wyvern (D:9)
  A human (D:9)
  A steam dragon (D:9)
  A vampire mosquito (D:11)
  2 wargs (D:9)
  2 acid dragons
  A water moccasin (D:8)
  Duvessa (D:4)
  3 orc warriors
  2 sky beasts
  2 black bears
  2 necrophages
  2 ogres
  The ghost of pkoi the Insei, an amateur DgGl (D:3)
  4 centaurs
  A phantom (D:4)
  A kobold brigand (D:9)
  A bullfrog (D:7)
  2 wyvern zombies
  A scorpion (D:6)
  2 water moccasin skeletons (D:5)
  Dowan (D:4)
  9 killer bees (D:8)
  18 wights
  4 electric eels (D:10)
  2 howler monkeys (D:8)
  2 hounds
  6 orc priests
  4 bullfrog skeletons
  A centaur skeleton (D:6)
  An iguana (D:5)
  3 orc wizards
  A killer bee zombie (D:7)
  A hound zombie (D:5)
  2 howler monkey zombies
  A howler monkey skeleton (D:5)
  7 adders
  A white imp (D:7)
  A worm (D:5)
  5 dart slugs
  31 orcs
  7 ball pythons
  5 endoplasms
  A giant cockroach (D:2)
  4 goblins
  3 hobgoblins
  4 jackals (D:1)
  3 quokkas
  3 bats (D:1)
  A frilled lizard (D:3)
  8 kobolds
  8 rats
195 creatures vanquished.

Vanquished Creatures (collateral kills)
  A shadow imp (D:3)
1 creature vanquished.

Vanquished Creatures (others)
  51 fulminant prisms
  5 withered plants (D:7)
56 creatures vanquished.

Grand Total: 252 creatures vanquished

Notes
Turn   | Place    | Note
-------+----------+-------------------------------------------
     0 | D:1      | pkoi the Spriggan Conjurer began the quest for the Orb.
     0 | D:1      | Reached XP level 1. HP: 9/9 MP: 5/5
   550 | D:1      | Reached XP level 2. HP: 13/13 MP: 4/7
   582 | D:1      | Learned a level 2 spell: Searing Ray
  1174 | D:1      | Reached XP level 3. HP: 16/16 MP: 5/9
  2133 | D:2      | Found a faded altar of an unknown god.
  2699 | D:3      | Found an ancient bone altar of Kikubaaqudgha.
  3027 | D:3      | Found a runed translucent door.
  3030 | D:3      | Noticed pkoi's ghost (amateur DgGl)
  3217 | D:3      | Reached XP level 4. HP: 18/21 MP: 7/11
  3548 | D:4      | Noticed a phantom
  3754 | D:4      | Noticed a black bear
  3779 | D:4      | Killed a phantom
  3780 | D:4      | Reached skill level 5 in Spellcasting
  3780 | D:4      | Reached XP level 5. HP: 21/24 MP: 2/13
  3780 | D:4      | Killed a black bear
  3877 | D:4      | Learned a level 4 spell: Fulminant Prism
  3882 | D:4      | Learned a level 4 spell: Iskenderun's Mystic Blast
  3886 | D:4      | Learned a level 3 spell: Dazzling Flash
  4260 | D:4      | Noticed Duvessa
  4260 | D:4      | Noticed Dowan
  4278 | D:4      | Killed Dowan
  4279 | D:4      | Reached skill level 1 in Translocations
  4279 | D:4      | Reached XP level 6. HP: 28/28 MP: 9/15
  4445 | D:5      | Entered Level 5 of the Dungeon
  4836 | D:5      | Reached skill level 1 in Hexes
  4836 | D:5      | Reached skill level 2 in Translocations
  5053 | D:5      | Reached skill level 3 in Translocations
  5053 | D:5      | Reached XP level 7. HP: 23/32 MP: 8/17
  5057 | D:5      | Identified the +0 leather armour "Cunexodd" {Harm rC+ Int-3
                  | Stlth+}
  5633 | D:4      | Found a basalt altar of Yredelemnul.
  5991 | D:5      | Reached skill level 4 in Translocations
  6057 | D:5      | Found a shimmering blue altar of Sif Muna.
  6092 | D:5      | Reached skill level 5 in Conjurations
  6326 | D:5      | Found an opulent altar of Gozag.
  6331 | D:5      | Found an opulent altar of Gozag.
  6370 | D:5      | Found an opulent altar of Gozag.
  6378 | D:5      | Found an opulent altar of Gozag.
  6410 | D:5      | Became a worshipper of Sif Muna the Loreminder
  6632 | D:5      | Reached XP level 8. HP: 36/36 MP: 11/19
  6948 | D:6      | Reached skill level 5 in Translocations
  6985 | D:6      | Noticed a manticore
  7026 | D:6      | Found a runed translucent gate.
  7026 | D:6      | Found a runed translucent gate.
  7026 | D:6      | Noticed Zeld's ghost (novice TrHu)
  7027 | D:6      | Found a runed translucent gate.
  7063 | D:6      | Found a staircase to the Ecumenical Temple.
  7068 | Temple   | Entered the Ecumenical Temple
  7127 | D:6      | Noticed an unseen horror
  7138 | D:6      | Killed an unseen horror
  7391 | D:6      | Identified a scroll of acquirement
  7391 | D:6      | Acquired a staff of conjuration
  7727 | D:6      | Reached skill level 1 in Fighting
  8085 | D:7      | Reached skill level 5 in Stealth
  8085 | D:7      | Reached skill level 6 in Translocations
  8153 | D:7      | Reached skill level 5 in Hexes
  8642 | D:7      | Reached * piety under Sif Muna
  8736 | D:7      | Reached XP level 9. HP: 41/41 MP: 6/22
  9587 | D:8      | Reached skill level 7 in Translocations
 10111 | D:8      | Identified the +2 pair of boots "Evvips" {+Blink Regen+
                  | Int+4 Dex+6}
 10152 | D:8      | Reached skill level 8 in Translocations
 10158 | D:8      | Reached ** piety under Sif Muna
 10429 | D:8      | Found a glowing golden altar of the Shining One.
 10436 | D:8      | Found a hazy altar of Hepliaklqana.
 10439 | D:8      | Found a shadowy altar of Dithmenos.
 10439 | D:8      | Found a sacrificial altar of Ru.
 10491 | D:8      | Found a radiant altar of Vehumet.
 11125 | D:4      | Killed Duvessa
 11467 | D:3      | Killed pkoi's ghost
 12032 | D:9      | Reached skill level 9 in Translocations
 12039 | D:9      | Reached XP level 10. HP: 26/45 MP: 13/24
 12631 | D:9      | Reached *** piety under Sif Muna
 12750 | D:9      | Found a staircase to the Orcish Mines.
 13155 | D:9      | Reached skill level 10 in Translocations
 13346 | D:9      | Noticed Joseph
 13451 | D:9      | Killed Joseph
 13452 | D:9      | Reached skill level 1 in Invocations
 13712 | D:10     | Entered Level 10 of the Dungeon
 13739 | D:10     | Noticed a two-headed ogre
 13745 | D:10     | Killed a two-headed ogre
 13979 | D:10     | Noticed a sea snake
 14365 | D:10     | Reached skill level 11 in Translocations
 15158 | D:11     | Noticed a boulder beetle
 15354 | D:11     | Noticed a five-headed hydra
 15364 | D:11     | Killed a five-headed hydra
 15365 | D:11     | Reached XP level 11. HP: 49/49 MP: 17/25
 15366 | D:11     | Noticed a green ugly thing
 15375 | D:11     | Killed a green ugly thing
 15382 | D:11     | Noticed a boulder beetle
 15484 | D:11     | HP: 1/49 [boulder beetle (48)]
 15836 | D:11     | Killed from afar by an acid dragon

Illustrated notes

Levels and vault maps discovered:
D:1:      eino_arrival_cavern_b, layout_loops_ring, hangedman_feature_mirror
D:2:      layout_basic, basic_ecumenical_altar
D:3:      layout_rooms, nicolae_overflow_hidden_temple, ebering_ghost_sewer_d
D:4:      layout_basic, yredelemnul_altar_generic, uniq_duvessa
D:5:      layout_cave_pools, nicolae_sif_muna_condensation,
          nicolae_gozag_conspicuous_consumption
D:6:      layout_basic, minmay_temple_entry_glassed_door, gammafunk_ghost_split,
          skrybe_limestone_x
D:7:      layout_loops_ring, serial_undead, serial_undead_b, serial_undead_a,
          serial_undead_e, serial_undead_b
D:8:      layout_loops_ring, nicolae_overflow_hallway_of_the_gods
D:9:      layout_irregular_city, erik_orc_4, uniq_joseph
D:10:     layout_basic, serial_aquarium, aquarium_bridge_long_joined
          [aquarium_subvault_window, aquarium_subvault_window,
          aquarium_subvault_window, aquarium_subvault_wall,
          aquarium_subvault_wall, aquarium_subvault_bridge],
          aquarium_window_fake, aquarium_window_2, aquarium_view_2a,
          aquarium_view_2b, aquarium_balcony_1a, aquarium_pool_side,
          enter_bailey_2, uniq_sonja
D:11:     minmay_the_grid_triangle_9x9_rhombus_full_mashed
          [minmay_the_grid_triangle_9x9_shrine,
          minmay_the_grid_triangle_9x9_steps,
          minmay_the_grid_triangle_9x9_subtriangle,
          minmay_the_grid_triangle_9x9_skeleton,
          minmay_the_grid_triangle_9x9_pentomino_pain,
          minmay_the_grid_triangle_9x9_stretched_checkered,
          minmay_the_grid_triangle_9x9_thin_v,
          minmay_the_grid_triangle_9x9_prize_insulated], layout_long_grid,
          okawaru_ov_weapons_minmay
Temple:   cyrus_circular_temple

Skill      XL: |  1  2  3  4  5  6  7  8  9 10 11 |
---------------+----------------------------------+-----
Conjurations   | 3 4 5 6 7 |  7.8
Spellcasting   | 3 4 5 6 7 8 9 |  9.0
Translocations | 1 3 4 6 9 11 | 11.6
Hexes          | 2 4 5 7 9 |  9.9
Dodging        | 3 |  3.0
Stealth        | 5 6 |  6.0
Fighting       | 1 |  1.0
Invocations    | 3 4 |  4.2

Action                   |  1- 3 |  4- 6 |  7- 9 | 10-12 || total
-------------------------+-------+-------+-------+-------++-------
Melee: Unarmed           |    29 |       |       |       ||    29
       Dagger            |       |       |     9 |       ||     9
       Staff             |       |       |       |     3 ||     3
 Cast: Magic Dart        |    95 |    42 |   131 |    43 ||   311
       Searing Ray       |       |     9 |    41 |     1 ||    51
       Dazzling Flash    |       |       |     1 |       ||     1
       Iskenderun's Myst |       |       |    14 |    24 ||    38
       Fulminant Prism   |       |       |    13 |    38 ||    51
  Use: Scroll            |     6 |       |     9 |     7 ||    22
Armor: Robe              |     4 |     3 |    19 |     2 ||    28
Dodge: Dodged            |    45 |    36 |    87 |    17 ||   185
Block: Other             |       |       |     1 |     4 ||     5
